 Dungeon Crawl Stone Soup version 0.26-a0-54-g15ccc7ae60 (webtiles) character file.

Game seed: 12556034456820945451

544 Hasart the Stinger (level 7, 0/41 HPs)
             Began as an Octopode Venom Mage on June 7, 2020.
             Slain by a ball python (1 damage)
             ... in a sewer.
             The game lasted 00:14:44 (4970 turns).

Hasart the Stinger (Octopode Venom Mage)            Turns: 4970, Time: 00:14:45

Health: 0/41       AC:  1    Str:  7    XL:     7   Next: 27%
Magic:  5/12       EV: 11    Int: 19    God:
Gold:   172        SH:  0    Dex: 13    Spells: 5/12 levels left

rFire    . . .     SeeInvis .   t - +4 mace
rCold    . . .     Gourm    .   (no shield)
rNeg     . . .     Faith    .   (helmet restricted)
rPois    .         Spirit   .   x - amulet of the acrobat
rElec    .         Reflect  .   v - ring of stealth
rCorr    .         Harm     .   (no ring)
MR       .....                  (no ring)
Stlth    +++++.....             (no ring)
HPRegen  0.13/turn              (no ring)
MPRegen  0.13/turn              (no ring)
                                (no ring)
                                (no ring)

@: constricted
A: almost no armour, stealthy swim, amphibious, 8 rings, constrict 8, camouflage
1, gelatinous body 1
a: no special abilities


You were in a sewer.
You were not hungry.

You visited 1 branch of the dungeon, and saw 5 of its levels.
You also visited: Sewer.

You collected 172 gold pieces.

Inventory:

Hand Weapons
 r - a +1 vampiric hand axe
 t - a +4 mace (weapon)
Magical Staves
 w - an uncursed staff of energy
Jewellery
 n - an uncursed ring of fire
 v - a ring of stealth (left tentacle)
 x - an amulet of the acrobat (around mantle)
Wands
 s - a wand of random effects (13)
Scrolls
 c - 2 scrolls of fog {unknown}
 d - 2 scrolls of identify {unknown}
 e - 2 scrolls of amnesia {unknown}
 f - 5 scrolls of teleportation {unknown}
 j - a scroll of enchant weapon {unknown}
 m - 5 scrolls of remove curse {unknown}
 p - 3 scrolls of blinking {unknown}
 q - a scroll of fear {unknown}
 u - 2 scrolls of magic mapping {unknown}
Potions
 a - 5 potions of curing {unknown}
 g - 4 potions of haste {unknown}
 h - a potion of lignification {unknown}
 i - a potion of invisibility {unknown}
 k - 2 potions of heal wounds {unknown}
 l - a potion of cancellation {unknown}
 o - a potion of might {unknown}
 A - a potion of magic {unknown}
Comestibles
 b - 4 rations
 z - 3 chunks of flesh


   Skills:
 + Level 3.5 Dodging
 - Level 2.6 Stealth
 + Level 3.3 Spellcasting
 + Level 3.0 Transmutations
 + Level 2.5 Air Magic
 * Level 6.4 Poison Magic


You had 5 spell levels left.
You knew the following spells:

 Your Spells              Type           Power        Failure   Level  Hunger
a - Sting                 Tmut/Pois      ###.         1%          1    None
b - Poisonous Vapours     Pois/Air       ###...       3%          2    ##.....
c - Olgreb's Toxic Radia  Pois           ####....     11%         4    ####...

Your spell library contained the following spells:

 Spells                   Type           Power        Failure   Level  Hunger
 Ignite Poison            Fire/Tmut/Pois ###.....     12%         3    ###....
 Mephitic Cloud           Conj/Pois/Air  ##......     13%         3    ###....


Dungeon Overview and Level Annotations

Branches:
Dungeon (5/15)              Sewer (1/1)
 Temple: D:4-7

Altars:
Qazlal
Wu Jian


Innate Abilities, Weirdness & Mutations

You cannot wear most types of armour.
You are very stealthy in the water. (Stealth+)
You are amphibious.
You can wear up to eight rings at the same time.
You can use your tentacles to constrict eight enemies at once.
Your skin changes colour to match your surroundings (Stealth+).
Your rubbery body absorbs attacks. (AC +1, EV +1)


Message History

The ball python bites you.
* * * LOW HITPOINT WARNING * * *
The ball python grabs you.
* * * LOW HITPOINT WARNING * * *
The ball python constricts you. The bullfrog closely misses you.
The adder bites you.
* * * LOW HITPOINT WARNING * * *
The adder closely misses you.
Unknown command.
Unknown command.
Casting: Sting (safe; 1% risk of failure)
Confirm with . or Enter, or press ? or * to list all spells.
Aiming: Sting (safe; 1% risk of failure)
Press: ? - help, Shift-Dir - straight line, f/p - bullfrog
Aim: a bullfrog (water, severely wounded, very poisoned)
The sting hits the bullfrog.
The bullfrog looks as sick as possible!
The bullfrog is almost dead.
The bullfrog hits you but does no damage.
The ball python bites you.
You die...

.###≈≈≈≈##
##.≈≈≈.#
###≈≈≈≈≈≈#
#≈≈#≈≈≈#
#≈≈≈≈≈≈#
#≈≈≈≈≈≈#
#≈≈≈≈≈≈#
#≈≈≈J≈≈#
#≈≈≈≈≈≈#
#≈≈≈≈≈≈#
#≈≈≈≈≈≈#
#≈≈≈≈≈≈#
#≈≈≈≈≈≈#
#l≈≈#≈≈#
#≈≈≈≈≈≈#
#SS≈≈.≈#
##≈.≈.##
#@SS≈.≈#
#≈.(.≈≈#
#SF≈#≈≈#
##≈≈.≈##
#≈≈≈≈#≈#
#≈≈≈≈≈≈#
#≈≈≈≈≈≈#
#≈≈≈≈≈≈#
#≈≈≈≈≈≈#
#≈≈≈≈≈≈#
#≈≈≈≈≈≈#
#≈≈≈≈≈≈#
#≈≈≈≈≈≈#
#≈≈÷†≈≈#
#####≈≈≈≈≈≈#
##≈..≈.#
#..###≈≈≈≈##


You could see a bullfrog (extremely poisoned), an ooze, 3 adders, 2 ball pythons
and a frilled lizard.

Vanquished Creatures
  An ogre (D:4)
  A scorpion (D:4)
  3 orc priests
  A hound (D:5)
  An orc wizard (D:4)
  7 adders
  6 river rats (Sewer)
  3 oozes
  2 worms
  3 dart slugs
  A leopard gecko (D:4)
  9 orcs
  12 ball pythons
  6 bats
  5 giant cockroaches
  6 hobgoblins
  11 jackals
  10 kobolds
  8 frilled lizards
  7 goblins
  2 jackal skeletons (D:4)
  31 rats
136 creatures vanquished.

Notes
Turn   | Place    | Note
-------+----------+-------------------------------------------
     0 | D:1      | Hasart the Octopode Venom Mage began the quest for the Orb.
     0 | D:1      | Reached XP level 1. HP: 11/11 MP: 3/3
   224 | D:1      | Reached XP level 2. HP: 14/17 MP: 0/5
   265 | D:1      | Reached skill level 4 in Poison Magic
   399 | D:1      | Learned a level 2 spell: Poisonous Vapours
   491 | D:1      | Reached XP level 3. HP: 14/21 MP: 3/6
   523 | D:1      | HP: 1/21 [ooze (4)]
  1440 | D:2      | Reached XP level 4. HP: 27/27 MP: 2/7
  2046 | D:2      | Found an ornate altar of the Wu Jian Council.
  2238 | D:2      | Reached skill level 1 in Air Magic
  2735 | D:2      | Reached skill level 5 in Poison Magic
  2795 | D:3      | Reached XP level 5. HP: 31/31 MP: 8/8
  3231 | D:3      | Found a stormy altar of Qazlal.
  3501 | D:4      | Noticed an ogre
  3526 | D:4      | Killed an ogre
  3526 | D:4      | Reached XP level 6. HP: 36/36 MP: 6/10
  3532 | D:4      | Learned a level 4 spell: Olgreb's Toxic Radiance
  4284 | D:5      | Entered Level 5 of the Dungeon
  4305 | D:5      | Reached skill level 6 in Poison Magic
  4310 | D:5      | Reached XP level 7. HP: 28/41 MP: 1/11
  4438 | D:5      | Found a glowing drain.
  4470 | Sewer    | Entered a sewer
  4969 | Sewer    | HP: 1/41 [adder (3)]
  4970 | Sewer    | Slain by a ball python

Illustrated notes

Levels and vault maps discovered:
D:1:      sevenhm_arrival_forest_fort_small_3, layout_rooms,
          hangedman_decor_growths
D:2:      layout_basic, old_standard_altar, minmay_bisected
D:3:      layout_basic, minmay_strange_pillars, serial_bayou_pond_e,
          grunt_qazlal_clouds
D:4:      layout_basic
D:5:      layout_basic, kennysheep_little_box, first_ration, serial_shops, shop,
          cheibrodos_sewer_entry_drain
Sewer:    sewer_minmay_w

Skill      XL: |  1  2  3  4  5  6  7 |
---------------+----------------------+-----
Poison Magic   | 4 5 6 |  6.4
Air Magic      | 1 2 |  2.5
Transmutations | 2 3 |  3.0
Dodging        | 3 |  3.5
Spellcasting   | 3 |  3.3
Stealth        | |  2.6

Action                   |  1- 3 |  4- 6 |  7- 9 || total
-------------------------+-------+-------+-------++-------
Melee: Dagger            |    29 |     9 |       ||    38
       Constrict         |    11 |     6 |     2 ||    19
       Tentacles         |    10 |     3 |       ||    13
       Hand axe          |       |     7 |       ||     7
       Mace              |       |     9 |    10 ||    19
 Cast: Sting             |    44 |    83 |    21 ||   148
       Poisonous Vapours |       |     3 |       ||     3
       Olgreb's Toxic Ra |       |     1 |     4 ||     5
 Stab: Sleeping          |     1 |     1 |       ||     2
  Eat: Chunk             |     2 |     8 |     1 ||    11
       Ration            |       |     1 |       ||     1
Armor: Skin              |     8 |     5 |     3 ||    16
Dodge: Dodged            |    53 |    61 |    24 ||   138

Table legend:
 A = Non-vault XP
 B = Vault XP
 C = Vault XP percentage of total XP
 D = Non-vault monster count
 E = Vault monster count
 F = Vault count percentage of total count
                 A         B        C        D         E       F
            +---------+---------+-------+---------+---------+-------
      Total |     632 |     146 |  18.8 |      93 |      43 |  31.6
            +---------+---------+-------+---------+---------+-------
        D:1 |      72 |       0 |   0.0 |      33 |       0 |   0.0
        D:2 |      88 |       3 |   3.3 |      28 |       2 |   6.7
        D:3 |      51 |       0 |   0.0 |      16 |       0 |   0.0
        D:4 |     288 |       0 |   0.0 |      10 |       0 |   0.0
        D:5 |     133 |       8 |   5.7 |       6 |       3 |  33.3
      Sewer |       0 |     135 | 100.0 |       0 |      38 | 100.0
            +---------+---------+-------+---------+---------+-------
